AoeStats
← Michi3052

Arena

504075477Analyzed
1v1 RM · 1mo ago on Sep 3, 2026· 35m 47s· 2 players
Game mode
Random Map
Map size
Tiny (2 player)
Population
200
Speed
Normal
Resources
Standard
Victory
Conquest
Starting age
Dark Age
Ending age
Imperial Age
RankedLock teamsTeams togetherTeam positionsShared explorationLock speedFull tech treeHidden civsTurbo modeCheats
Victory
Defeat
🇪🇸 Turks · Spain
697
+12
🇨🇱 Turks · Chile
604
-12
Quién es el Johnny
5:57 Loom
13:21 Feudal Age
17:13 Castle Age
14:56 Horse Collar
15:21 Double-Bit Axe
18:48 Bow Saw
20:08 Wheelbarrow
21:14 Heavy Plow
22:47 Forging
25:58 Gold Mining
26:08 Stone Mining
29:24 Imperial Age
28:02 Gold Shaft Mining
28:52 Hand Cart
29:53 Scale Barding Armor
29:50 Scale Mail Armor
34:36 Fletching
Michi3052
12:03 Feudal Age
17:17 Castle Age
15:26 Gold Mining
16:46 Double-Bit Axe
17:34 Horse Collar
26:28 Imperial Age
25:08 Wheelbarrow
24:19 Loom
28:18 Town Watch
31:20 Padded Archer Armor
31:11 Fletching
34:23 Bodkin Arrow
34:43 Leather Archer Armor
Connection lost

Rejoining the realm…

Still unreachable

The connection could not be restored.

Session expired

The server has moved on; the page needs a fresh start.